 Dungeon Crawl Stone Soup version 0.28.0-47-ge53b351184 (webtiles) character file.

Game seed: 14074841370384935864

583 Descartes the Covered (level 7, -4/50 HPs)
             Began as a Formicid Warper on May 4, 2022.
             Killed by divine providence
             ... invoked by an orc priest
              (11 damage)
             ... on level 4 of the Dungeon.
             The game lasted 00:07:39 (3742 turns).

Descartes the Covered (Formicid Warper)             Turns: 3742, Time: 00:07:40

Health: -4/50      AC:  9    Str: 17    XL:     7   Next: 64%
Magic:  10/10      EV: 11    Int: 13    God:
Gold:   100        SH:  0    Dex: 10    Spells: 4/10 levels left

rFire   . . .      SeeInvis +   a - +0 hand axe
rCold   . . .      Faith    .   (no shield)
rNeg    . . .      Spirit   .   l - +0 ring mail of Boiling Hail {Regen+ rCorr}
rPois   +          Reflect  .   (helmet unavailable)
rElec   .          Harm     .   t - +2 cloak {rCorr}
rCorr   +          Rampage  .   (no gloves)
Will    .....                   (no boots)
Stlth   ..........              (no amulet)
HPRegen 0.96/turn               r - ring of poison resistance
MPRegen 0.12/turn               (no ring)

@: no status effects
A: permanent stasis, dig shafts and tunnels, antennae 3, four strong arms
a: Dig, Shaft Self


You were on level 4 of the Dungeon.
You visited 1 branch of the dungeon, and saw 4 of its levels.

You collected 100 gold pieces.

Inventory:

Hand Weapons
 a - a +0 hand axe (weapon)
 h - a +0 dagger of electrocution
 s - a +3 quarterstaff of chaos
Missiles
 c - 5 boomerangs of dispersal (quivered)
 n - 13 poisoned darts
 p - 37 stones
 u - a sling bullet
 v - 2 silver javelins
 w - a throwing net
 x - an arrow
 y - 15 bolts
 z - a javelin
Armour
 l - the +0 ring mail of Boiling Hail (worn) {Regen+ rCorr}
   (You found it on level 2 of the Dungeon)

   Regen:     It increases your rate of health regeneration.
   rCorr:     It protects you from acid and corrosion.
 o - the +9 plate armour of the Gate {Harm rElec rCorr}
   (You found it on level 2 of the Dungeon)

   rElec:     It insulates you from electricity.
   rCorr:     It protects you from acid and corrosion.
   Harm:      It increases damage dealt and taken.
 t - a +2 cloak of preservation (worn)
Jewellery
 r - a ring of poison resistance (left hand)
Scrolls
 d - a scroll of enchant weapon {unknown}
 e - a scroll of magic mapping {unknown}
 f - 3 scrolls of noise
 i - a scroll of fog {unknown}
 j - 2 scrolls of amnesia
 k - 3 scrolls of teleportation
 m - a scroll of blinking {unknown}
Potions
 b - a potion of attraction
 g - 2 potions of haste
 q - a potion of flight
 A - a potion of curing {unknown}


   Skills:
 - Level 2.1 Fighting
 + Level 4.8 Axes
 - Level 1.0 Throwing
 + Level 4.8 Armour
 - Level 1.7 Dodging
 - Level 2.1 Spellcasting
 + Level 4.8 Translocations


You had 4 spell levels left.
You knew the following spells:

 Your Spells              Type           Power      Damage    Failure   Level
a - Manifold Assault      Tloc           14%        N/A       86%         5
b - Apportation           Tloc           28%        N/A       6%          1

Your spell library contained the following spells:

 Spells                   Type           Power      Damage    Failure   Level
 Gell's Gravitas          Tloc           14%        N/A       19%         3
 Lesser Beckoning         Tloc           14%        N/A       19%         3
 Teleport Other           Tloc           14%        N/A       19%         3
 Animate Skeleton         Necr           2%         N/A       41%         1
 Sandblast                Erth           2%         2d4       41%         1
 Summon Small Mammal      Summ           4%         N/A       41%         1
 Ensorcelled Hibernation  Hex/Ice        2%         N/A       54%         2
 Passwall                 Tmut/Erth      0%         N/A       54%         2
 Stone Arrow              Conj/Erth      2%         3d7       78%         3
 Blade Hands              Tmut           0%         N/A       100%        5
 Irradiate                Conj/Tmut      0%         3d13      100%        5
 Dragon Form              Tmut           0%         N/A       100%        7
 Blink                    Tloc           Unusable   N/A       N/A         2
 Swiftness                Air            Unusable   N/A       N/A         3

Dungeon Overview and Level Annotations

Branches:
Dungeon (4/15)
 Temple: D:4-7

Altars:
Makhleb

Shops:
D:3 (   D:4 (


Innate Abilities, Weirdness & Mutations

You cannot be hasted, slowed, berserked, paralysed or teleported.
You can dig through walls and to a lower floor.
You have a pair of large antennae on your head. (SInv)
Your four strong arms can wield two-handed weapons with a shield.


Message History

The orc is severely wounded.
The orc closely misses you.
You slash the orc!
You kill the orc!
The orc priest calls upon Beogh to heal something.
The orc priest invokes the aid of Beogh against you.
Beogh smites you!
You hit the orc.
The orc is lightly wounded.
The orc hits you with a +0 flail.
You completely miss the orc.
The orc is lightly wounded.
The orc hits you with a +0 flail.
The orc priest calls down the wrath of Beogh upon you.
Beogh smites you!
You hit the orc.
The orc is heavily wounded.
The orc closely misses you.
You barely miss the orc.
The orc is heavily wounded.
The orc barely misses you.
The orc priest miscasts a cantrip.
You completely miss the orc.
The orc is moderately wounded.
The orc closely misses you.
You closely miss the orc.
The orc is moderately wounded.
The orc hits you with a +0 flail.
You hit the orc.
You kill the orc!
The orc priest mumbles some strange prayers to Beogh against you.
Beogh smites you!
* * * LOW HITPOINT WARNING * * *
You slash the orc priest!
The orc priest is heavily wounded.
The orc priest hits you with a +0 flail.
* * * LOW HITPOINT WARNING * * *
The orc priest calls down the wrath of Beogh upon you.
Beogh smites you!
You die...

## .#######................####
..##...............##..#........
.......######...........#.##.####
..[# #.......#.....##.# ..# .#
#..ooo..##..####.# ># #...#
#.{oo...##..# #.# .# #...#
####)#{....... ..# .## #...#
#####o############# ..# #...#
#....@.# #######
..###...####.###..# #.<...#
..............##..# ###.....# #
...............#..# #.......# #
...............#..# #.#.....# #
..###...####.#.#..####.#.....# #
### #...# #...........####### #
#...# #########.### # #...#
#......#.# ######


You could see 2 orc priests and 4 orcs.

Vanquished Creatures
  A yak (D:3)
  An ogre (D:4)
  A hound (D:4)
  Crazy Yiuf (D:3)
  A bullfrog skeleton (D:4)
  An iguana (D:4)
  Natasha (thrice) (D:3)
  Robin (D:3)
  6 adders
  An ufetubus (D:4)
  2 worms
  3 dart slugs
  4 orcs
  6 ball pythons
  4 bats
  3 endoplasms
  3 giant cockroaches (D:2)
  19 goblins
  11 hobgoblins
  6 kobolds
  A quokka (D:3)
  3 training dummies (D:4)
  4 frilled lizards
  3 rats
89 creatures vanquished.

Notes
Turn   | Place    | Note
-------+----------+-------------------------------------------
     0 | D:1      | Descartes the Formicid Warper began the quest for the Orb.
     0 | D:1      | Reached XP level 1. HP: 16/16 MP: 3/3
   249 | D:1      | Reached XP level 2. HP: 22/22 MP: 5/5
   710 | D:1      | Reached XP level 3. HP: 26/27 MP: 6/6
  1055 | D:2      | Identified the +0 ring mail of Boiling Hail {Regen+ rCorr}
  1304 | D:2      | Identified the +9 plate armour of the Gate {Harm rElec
                  | rCorr}
  1347 | D:2      | Reached XP level 4. HP: 30/33 MP: 7/7
  1804 | D:3      | Found Nevuth's Weapon Emporium.
  1826 | D:3      | Noticed Robin
  1859 | D:3      | Reached XP level 5. HP: 29/38 MP: 8/8
  1889 | D:3      | Killed Robin
  1925 | D:3      | Noticed Natasha
  1937 | D:3      | Killed Natasha
  1973 | D:3      | Noticed Natasha
  1990 | D:3      | Killed Natasha
  2410 | D:3      | Noticed Natasha
  2419 | D:3      | Killed Natasha
  2420 | D:3      | Reached XP level 6. HP: 30/44 MP: 9/9
  2475 | D:3      | Found a runed translucent door.
  2476 | D:3      | Noticed Crazy Yiuf
  2527 | D:3      | Killed Crazy Yiuf
  2541 | D:3      | Learned a level 5 spell: Manifold Assault
  2543 | D:3      | Learned a level 1 spell: Apportation
  2887 | D:4      | Noticed an ogre
  3242 | D:4      | Killed an ogre
  3243 | D:4      | Reached XP level 7. HP: 7/50 MP: 10/10
  3292 | D:4      | Found Sukhlazedgh's Firing Range.
  3363 | D:4      | Found a burning altar of Makhleb.
  3363 | D:4      | Noticed a cacodemon
  3469 | D:4      | Noticed a yak
  3473 | D:4      | Noticed a yak
  3474 | D:4      | Noticed a yak
  3477 | D:4      | Noticed a yak
  3594 | D:3      | Killed a yak
  3742 | D:4      | Killed from afar by an orc priest

Illustrated notes

Levels and vault maps discovered:
D:1:      heliophobic_arrival_dark_side_of_the_moon, layout_basic,
          minmay_statues_item, minmay_misc_feat_more_columns
D:2:      layout_rooms
D:3:      layout_basic, serial_shops, shop, skrybe_limestone_x,
          item_on_display_a, uniq_robin, uniq_crazy_yiuf_cottage, uniq_natasha
D:4:      minmay_bubble_buster, layout_loops_cross, makhleb_altar_promises_db,
          nicolae_shop_firing_range

Skill      XL: |  1  2  3  4  5  6 |
---------------+-------------------+-----
Translocations | 3 4 |  4.8
Armour         | 2 3 4 |  4.8
Axes           | 3 4 |  4.8
Fighting       | |  2.1
Throwing       | |  1.0
Dodging        | |  1.7
Spellcasting   | |  2.1

Action                   |  1- 3 |  4- 6 |  7- 9 || total
-------------------------+-------+-------+-------++-------
Melee: Hand axe          |   125 |   246 |    72 ||   443
       Punch             |     1 |     1 |     1 ||     3
  Use: Scroll            |       |     6 |       ||     6
Armor: Scale mail        |    53 |       |       ||    53
       Ring mail         |    13 |    74 |    23 ||   110
Dodge: Dodged            |    68 |   139 |    33 ||   240
